 Dungeon Crawl Stone Soup version 0.29.0-4-gdea44cf6ec (webtiles) character file.

Game seed: 1253994152178463877

60 qw the Chopper (level 4, -7/30 HPs)
             Began as a Gargoyle Fighter on Sept 8, 2022.
             Mangled by Sigmund
             ... wielding a +2 scythe of venom
              (11 damage)
             ... on level 3 of the Dungeon.
             The game lasted 00:00:56 (1860 turns).

qw the Chopper (Gargoyle Fighter)                   Turns: 1860, Time: 00:00:57

Health: -7/30      AC: 12    Str: 21    XL:     4   Next: 6%
Magic:  4/4        EV:  9    Int:  9    God:
Gold:   106        SH:  0    Dex:  9    Spells: 3/3 levels left

rFire   . . .      SeeInvis .   Y - +0 war axe
rCold   . . .      Faith    .   c - +0 buckler
rNeg    + . .      Spirit   .   b - +0 scale mail
rPois   inf        Reflect  .   (helmet restricted)
rElec   +          Harm     .   (no cloak)
rCorr   +          Rampage  .   (no gloves)
Will    .....                   (no boots)
Stlth   ..........              (no amulet)
HPRegen 0.10/turn               f - ring of resist corrosion
MPRegen 0.09/turn               (no ring)

@: confused
A: sickness immunity, AC +3, negative energy resistance 1, electricity
resistance, torment resistance 1, petrification resistance, antennae 1,
iridescent scales 1, robust 1, sturdy frame 1
a: no special abilities


You were on level 3 of the Dungeon.
You visited 1 branch of the dungeon, and saw 3 of its levels.

You collected 106 gold pieces.


Innate Abilities, Weirdness & Mutations

You are immune to sickness and miasma.
Your stone body is resilient. (AC +3)
You are immune to poison.
You resist negative energy. (rN+)
You are resistant to electric shocks. (rElec)
You are resistant to unholy torment.
You are immune to petrification.
You have a pair of small antennae on your head.
You are partially covered in iridescent scales. (AC +2)
You are robust. (+10% HP)
Your movements are slightly less encumbered by armour. (ER -2)


   Skills:
 - Level 3.2 Fighting
 + Level 3.8 Axes
 - Level 3.2 Armour
 - Level 3.2 Shields


You had 3 spell levels left.
You didn't know any spells.
Your spell library was empty.

Inventory:

Hand Weapons
 j - a +0 whip
 Y - a +0 war axe (weapon)
Armour
 b - a +0 scale mail (worn)
 c - a +0 buckler (worn)
Jewellery
 f - a ring of resist corrosion (left hand)
Scrolls
 g - 2 scrolls of identify
Potions
 d - a potion of might
 e - a potion of haste
 i - a potion of mutation

Dungeon Overview and Level Annotations

Branches:
Dungeon (3/15)

Altars:

Annotations:
D:3 Sigmund


Message History

You miss something. Something hits you but does no damage.
You closely miss something. Something hits you.
You hit something but do no damage. You miss something.
You block something's attack.
You barely miss something. Something hits you but does no damage.
You slash something!
You hear some strange, mumbled words.
A puff of flame appears from out of thin air!
You block the puff of flame.
You closely miss something. Something hits you.
You hit something. Something completely misses you.
You slash something! Something hits you!
You barely miss something.
You hear some strange, mumbled words.
You are confused.
You're too confused to attack without stumbling around!
There is a strange disturbance nearby!
You hear some strange, mumbled words.
You are more confused.
You're too confused to attack without stumbling around!
There is a strange disturbance nearby!
You're too confused to attack without stumbling around!
There is a strange disturbance nearby!
Something hits you.
You're too confused to attack without stumbling around!
There is a strange disturbance nearby!
Something hits you.
You're too confused to attack without stumbling around!
There is a strange disturbance nearby!
You're too confused to attack without stumbling around!
There is a strange disturbance nearby!
Something hits you!
You die...

#.# #.# ##+## #.#
#....# #.# #....#
#.# #....######
#.###.........#
#.#...........#
#.#.......{...#
#.#####..@....#
#........%....#
###...........#
.........#[......#
####.#.#.#.......#
...#..<#.#....##
### #####.######
..# ###


There were no monsters in sight!

Vanquished Creatures
  2 adders
  A worm (D:2)
  3 ball pythons
  2 bats (D:1)
  2 endoplasms (D:2)
  4 giant cockroaches
  4 hobgoblins
  4 jackals (D:1)
  A quokka (D:3)
  3 goblins (D:1)
  5 kobolds
  5 rats
36 creatures vanquished.

Notes
Turn   | Place    | Note
-------+----------+-------------------------------------------
     0 | D:1      | qw the Gargoyle Fighter began the quest for the Orb.
     0 | D:1      | Reached XP level 1. HP: 14/14 MP: 1/1
     0 | D:1      | 0 ||| qw: Version: 0.1-a-112-g44dc6cd
     0 | D:1      | 0 ||| qw: Game counter: 6822
     0 | D:1      | 0 ||| qw: Always use a shield: true
     0 | D:1      | 0 ||| qw: God list: Okawaru
     0 | D:1      | 0 ||| qw: Allow faded altars: false
     0 | D:1      | 0 ||| qw: Do Orc after D:15 true
     0 | D:1      | 0 ||| qw: Do second Lair branch before Depths: true
     0 | D:1      | 0 ||| qw: Lair rune preference: random
     0 | D:1      | 0 ||| qw: Plans: Normal, Zot, God:TSO, Crypt, Tomb, Zig,
                  | Orb
     0 | D:1      | 0 ||| PLANNING D:1-11
   153 | D:1      | 153 ||| DROPPING +0 club.
   240 | D:1      | Reached XP level 2. HP: 16/19 MP: 2/2
   382 | D:1      | Found a faded altar of an unknown god.
   765 | D:1      | 765 ||| UPGRADING to +0 helmet.
   770 | D:1      | 770 ||| READING 2 scrolls labelled XISICV QOLIRELL.
   771 | D:1      | 771 ||| READING 2 scrolls labelled HACHOKLENU.
   772 | D:1      | 772 ||| READING scroll labelled ALAOQO YRIYFIF.
   773 | D:1      | 773 ||| DROPPING scroll of vulnerability.
   821 | D:2      | Reached skill level 3 in Axes
   900 | D:2      | Reached XP level 3. HP: 6/23 MP: 3/3
   985 | D:2      | 985 ||| FLEEEEING.
   986 | D:2      | 986 ||| FLEEEEING.
   987 | D:2      | 987 ||| FLEEEEING.
   988 | D:2      | 988 ||| FLEEEEING.
   989 | D:2      | 989 ||| FLEEEEING.
   990 | D:2      | 990 ||| FLEEEEING.
   991 | D:2      | 991 ||| FLEEEEING.
   992 | D:2      | 992 ||| FLEEEEING.
   993 | D:2      | 993 ||| FLEEEEING.
   994 | D:2      | 994 ||| FLEEEEING.
   995 | D:2      | 995 ||| FLEEEEING.
   996 | D:2      | 996 ||| FLEEEEING.
   998 | D:2      | 998 ||| FLEEEEING.
   999 | D:2      | 999 ||| FLEEEEING.
  1000 | D:2      | 1000 ||| FLEEEEING.
  1001 | D:2      | 1001 ||| FLEEEEING.
  1002 | D:2      | 1002 ||| FLEEEEING.
  1003 | D:2      | 1003 ||| FLEEEEING.
  1004 | D:2      | 1004 ||| STAIRDANCE
  1146 | D:1      | 1146 ||| UPGRADING to ring of resist corrosion.
  1147 | D:1      | 1147 ||| READING scroll labelled RAHOIG KUNO.
  1148 | D:1      | 1148 ||| READING 2 scrolls of identify.
  1148 | D:1      | 1148 ||| IDENTIFYING amethyst potion
  1211 | D:2      | 1211 ||| Stepping ~*~*~tactically~*~*~ (stealth).
  1212 | D:2      | 1212 ||| Stepping ~*~*~tactically~*~*~ (stealth).
  1213 | D:2      | 1213 ||| Stepping ~*~*~tactically~*~*~ (stealth).
  1221 | D:2      | 1221 ||| Stepping ~*~*~tactically~*~*~ (stealth).
  1234 | D:2      | 1234 ||| Stepping ~*~*~tactically~*~*~ (stealth).
  1235 | D:2      | 1235 ||| Stepping ~*~*~tactically~*~*~ (stealth).
  1236 | D:2      | 1236 ||| Stepping ~*~*~tactically~*~*~ (stealth).
  1237 | D:2      | 1237 ||| Stepping ~*~*~tactically~*~*~ (stealth).
  1238 | D:2      | 1238 ||| Stepping ~*~*~tactically~*~*~ (stealth).
  1301 | D:2      | 1301 ||| Stepping ~*~*~tactically~*~*~ (stealth).
  1335 | D:2      | 1335 ||| Stepping ~*~*~tactically~*~*~ (stealth).
  1569 | D:2      | 1569 ||| READING scroll labelled GIFFUAM BAPAS.
  1570 | D:2      | 1570 ||| READING scroll labelled TIKU ZUCEDGHO.
  1571 | D:2      | 1571 ||| DRINKING 2 murky puce potions.
  1571 | D:2      | Gained mutation: You have a pair of small antennae on your
                  | head. [potion of mutation]
  1571 | D:2      | Gained mutation: You are partially covered in iridescent
                  | scales. (AC +2) [potion of mutation]
  1571 | D:2      | Gained mutation: Your movements are slightly less
                  | encumbered by armour. (ER -2) [potion of mutation]
  1571 | D:2      | Gained mutation: You are robust. (+10% HP) [potion of
                  | mutation]
  1588 | D:2      | 1588 ||| DROPPING +0 helmet.
  1589 | D:2      | 1589 ||| READING 3 scrolls of identify.
  1589 | D:2      | 1589 ||| IDENTIFYING pink potion
  1658 | D:3      | 1658 ||| Stepping ~*~*~tactically~*~*~ (stealth).
  1762 | D:3      | Reached XP level 4. HP: 23/30 MP: 4/4
  1831 | D:3      | Noticed Sigmund
  1836 | D:3      | 1836 ||| DRINKING potion of curing.
  1836 | D:3      | 1836 ||| (to cure confusion)
  1857 | D:3      | HP: 7/30 [something (3)]
  1860 | D:3      | Mangled by Sigmund

Levels and vault maps discovered:
D:1:      grunt_arrival_crossed_arrows, layout_basic,
          ebering_ecumenical_altar_petrified
D:2:      layout_rooms, minmay_cupped
D:3:      lemuel_castle_with_subvaults [lemuel_castle_interior_carwin_3],
          layout_basic, uniq_sigmund

Skill      XL: |  1  2 |
---------------+-------+-----
Axes           | 2 3 |  3.8
Fighting       | |  3.2
Armour         | |  3.2
Shields        | |  3.2

Action                   |  1- 3 |  4- 6 || total
-------------------------+-------+-------++-------
Melee: War axe           |   101 |    18 ||   119
  Use: Scroll            |     8 |       ||     8
       Potion            |     1 |     1 ||     2
Armor: Scale mail        |    70 |    11 ||    81
Dodge: Dodged            |    61 |     3 ||    64
Block: Buckler           |    17 |     3 ||    20

Table legend:
 A = Non-vault XP
 B = Vault XP
 C = Vault XP percentage of total XP
 D = Non-vault monster count
 E = Vault monster count
 F = Vault count percentage of total count
                 A         B        C        D         E       F
            +---------+---------+-------+---------+---------+-------
      Total |      80 |       7 |   8.0 |      33 |       3 |   8.3
            +---------+---------+-------+---------+---------+-------
        D:1 |      27 |       0 |   0.0 |      16 |       0 |   0.0
        D:2 |      34 |       7 |  17.1 |      13 |       3 |  18.8
        D:3 |      19 |       0 |   0.0 |       4 |       0 |   0.0
            +---------+---------+-------+---------+---------+-------
